| TOP OF THE 1ST |
|
San Juan Pitorros batting - Pitching for Bridgetown Tridents : RHP Brian Slagle
|
|
Pitching: RHP Brian Slagle
|
|
|
Batting: LHB Jeffrey Szczecinski
|
0-0: Foul Ball, location: 2F 0-1: Fly out, F8 (Flyball, 78S, EV 90.0 MPH)
|
|
Batting: RHB Mike A Marshall
|
0-0: SINGLE (Flyball, 3D, EV 91.9 MPH)
|
|
Batting: RHB Tim Teufel
|
0-0: Ball Mike A Marshall steals 2nd base 1-0: Ball 2-0: SINGLE (Flyball, 8LS, EV 87.5 MPH) Mike A Marshall to third Runner from 3rd tries for Home, SAFE, throw by CF to home
|
|
Batting: LHB Franklin Stubbs
|
0-0: Called Strike 0-1: Foul Ball, location: 2F 0-2: Foul Ball, location: 2F 0-2: Strikes out swinging
|
|
Batting: RHB Chris Brown
|
0-0: Called Strike 0-1: Swinging Strike 0-2: Foul Ball, location: 2F 0-2: Strikes out looking
|
| Top of the 1st over - 1 run, 2 hits, 0 errors, 1 left on base; San Juan 1 - Bridgetown 0 |
| BOTTOM OF THE 1ST |
|
Bridgetown Tridents batting - Pitching for San Juan Pitorros : LHP Bill Bordley
|
|
Pitching: LHP Bill Bordley
|
|
|
Batting: SHB Harold Reynolds
|
0-0: Called Strike 0-1: Foul Ball, location: 2F 0-2: Fly out, F7 (Line Drive, 7D, EV 91.3 MPH)
|
|
Batting: RHB Cal Ripken
|
0-0: Called Strike 0-1: Fly out, F9 (Flyball, 89D, EV 92.5 MPH)
|
|
Batting: RHB Andres Galarraga
|
0-0: Called Strike 0-1: SOLO HOME RUN (Flyball, 78XD, EV 99.4 MPH), Distance : 447 ft
|
|
Batting: RHB Dave Meier
|
0-0: Ball 1-0: Ball 2-0: Foul Ball, location: 2F 2-1: Foul Ball, location: 2F 2-2: Foul Ball, location: 2F 2-2: Ball 3-2: Strikes out swinging
|
| Bottom of the 1st over - 1 run, 1 hit, 0 errors, 0 left on base; San Juan 1 - Bridgetown 1 |
| TOP OF THE 2ND |
|
San Juan Pitorros batting - Pitching for Bridgetown Tridents : RHP Brian Slagle
|
|
Batting: RHB Bob Hendershot
|
0-0: Called Strike 0-1: Ball 1-1: Bunt for hit to 13S - play at first, batter safe!
|
|
Batting: SHB Dave Cochrane
|
0-0: Ball 1-0: Ball 2-0: Foul Ball, location: 2F 2-1: Fielders Choice at 2nd, 2-6 (Groundball, 13S, EV 71.3 MPH)
|
|
Batting: SHB Kevin King
|
0-0: Called Strike Dave Cochrane steals 2nd base 0-1: Swinging Strike 0-2: Strikes out swinging
|
|
Batting: RHB Rafael Ramirez
|
0-0: Ball 1-0: Ground out 5-3 (Groundball, 56S, EV 86.9 MPH)
|
| Top of the 2nd over - 0 runs, 1 hit, 0 errors, 1 left on base; San Juan 1 - Bridgetown 1 |
| BOTTOM OF THE 2ND |
|
Bridgetown Tridents batting - Pitching for San Juan Pitorros : LHP Bill Bordley
|
|
Batting: LHB Darryl Strawberry
|
0-0: Ball 1-0: Called Strike 1-1: Swinging Strike 1-2: Ball 2-2: Strikes out swinging passed ball, reaches first!
|
|
Batting: RHB Fritzie Connally
|
0-0: Foul Ball, location: 2F 0-1: Swinging Strike 0-2: Ball 1-2: Foul Ball, location: 2F 1-2: Ball 2-2: Ball 3-2: Strikes out swinging Darryl Strawberry steals 2nd base (no throw) Batter strikes out.
|
|
Batting: LHB Paul O'Neill
|
0-0: Called Strike 0-1: Ball 1-1: Fly out, F8 (Flyball, 89M, EV 88.8 MPH)
|
|
Batting: RHB Jose Canseco
|
0-0: Ball 1-0: Called Strike 1-1: Ball 2-1: Ball 3-1: Foul Ball, location: 2F 3-2: Foul Ball, location: 2F 3-2: Base on Balls
|
|
Batting: LHB Ray Cosey
|
0-0: Foul Ball, location: 2F 0-1: Fly out, F9 (Flyball, 89M, EV 75.6 MPH)
|
| Bottom of the 2nd over - 0 runs, 0 hits, 0 errors, 2 left on base; San Juan 1 - Bridgetown 1 |
| TOP OF THE 3RD |
|
San Juan Pitorros batting - Pitching for Bridgetown Tridents : RHP Brian Slagle
|
|
Batting: LHB Jeffrey Szczecinski
|
0-0: Ball 1-0: Foul Ball, location: 2F 1-1: Swinging Strike 1-2: Ball 2-2: Foul Ball, location: 2F 2-2: Ball 3-2: Base on Balls
|
|
Batting: RHB Mike A Marshall
|
0-0: Grounds into double play, 6-4-3 (Groundball, 6, EV 97.5 MPH)
|
|
Batting: RHB Tim Teufel
|
0-0: Swinging Strike 0-1: Foul Ball, location: 2F 0-2: Ball 1-2: Ball 2-2: Ball 3-2: Foul Ball, location: 2F 3-2: Base on Balls
|
|
Batting: LHB Franklin Stubbs
|
0-0: Ball 1-0: Ball 2-0: Ball 3-0: Base on Balls Tim Teufel to second
|
|
Batting: RHB Chris Brown
|
0-0: SINGLE (Line Drive, 8RS, EV 108.8 MPH) Tim Teufel to third Franklin Stubbs to second Runner from 3rd tries for Home, SAFE, throw by CF to home
|
|
Batting: RHB Bob Hendershot
|
0-0: Called Strike 0-1: Foul Ball, location: 2F 0-2: Foul Ball, location: 2F 0-2: Strikes out swinging
|
| Top of the 3rd over - 1 run, 1 hit, 0 errors, 2 left on base; San Juan 2 - Bridgetown 1 |
| BOTTOM OF THE 3RD |
|
Bridgetown Tridents batting - Pitching for San Juan Pitorros : LHP Bill Bordley
|
|
Batting: SHB Harold Reynolds
|
0-0: Ball 1-0: Fly out, F4 (Popup, 34D, EV 70.0 MPH)
|
|
Batting: RHB Cal Ripken
|
0-0: Fly out, F9 (Flyball, 9D, EV 97.5 MPH)
|
|
Batting: RHB Andres Galarraga
|
0-0: SINGLE (Line Drive, 9LS, EV 100.0 MPH)
|
|
Batting: RHB Dave Meier
|
0-0: Ball 1-0: DOUBLE (Line Drive, 7LM, EV 111.3 MPH) Andres Galarraga to third Runner from 3rd tries for Home, SAFE, throw by LF to trailing runner, SAFE at third!
|
|
Batting: LHB Darryl Strawberry
|
0-0: Ball 1-0: Fly out, F7 (Flyball, 7, EV 95.6 MPH)
|
| Bottom of the 3rd over - 1 run, 2 hits, 0 errors, 1 left on base; San Juan 2 - Bridgetown 2 |
| TOP OF THE 4TH |
|
San Juan Pitorros batting - Pitching for Bridgetown Tridents : RHP Brian Slagle
|
|
Batting: SHB Dave Cochrane
|
0-0: Ball 1-0: Called Strike 1-1: Fly out, F8 (Flyball, 8LD, EV 91.9 MPH)
|
|
Batting: SHB Kevin King
|
0-0: Ball 1-0: Ball 2-0: Called Strike 2-1: Swinging Strike 2-2: Ball 3-2: Base on Balls
|
|
Batting: RHB Rafael Ramirez
|
0-0: Foul Ball, location: 2F 0-1: Ground out 6-3 (Groundball, 6M, EV 77.5 MPH) Kevin King to second
|
|
Batting: LHB Jeffrey Szczecinski
|
0-0: Ball 1-0: Ball 2-0: Called Strike 2-1: Foul Ball, location: 2F 2-2: Fly out, F8 (Flyball, 8LD, EV 92.5 MPH)
|
| Top of the 4th over - 0 runs, 0 hits, 0 errors, 1 left on base; San Juan 2 - Bridgetown 2 |
| BOTTOM OF THE 4TH |
|
Bridgetown Tridents batting - Pitching for San Juan Pitorros : LHP Bill Bordley
|
|
Batting: RHB Fritzie Connally
|
0-0: Called Strike 0-1: Foul Ball, location: 2F 0-2: Ball 1-2: Strikes out looking
|
|
Batting: LHB Paul O'Neill
|
0-0: Ball 1-0: DOUBLE (Line Drive, 78XD, EV 105.6 MPH)
|
|
Batting: RHB Jose Canseco
|
0-0: Called Strike 0-1: Swinging Strike 0-2: Foul Ball, location: 2F 0-2: Ball 1-2: Foul Ball, location: 2F 1-2: Foul Ball, location: 2F 1-2: Foul Ball, location: 2F 1-2: Fly out, F9 (Flyball, 9LD, EV 91.3 MPH) Runner from 2nd tags up, SAFE at 3rd, no throw by RF
|
|
Batting: LHB Ray Cosey
|
0-0: Ball 1-0: Called Strike 1-1: SINGLE (Line Drive, 34D, EV 98.8 MPH) Paul O'Neill scores
|
|
Batting: SHB Harold Reynolds
|
0-0: Ball 1-0: Ball Ray Cosey steals 2nd base 2-0: Ball Wild Pitch! Ray Cosey to third 3-0: Base on Balls
|
|
Batting: RHB Cal Ripken
|
0-0: Called Strike 0-1: Ball 1-1: Ball 2-1: 3-RUN HOME RUN (Flyball, 7D, EV 103.8 MPH), Distance : 391 ft
|
|
Pitching: RHP Mike Trujillo
|
|
|
Batting: RHB Andres Galarraga
|
0-0: Ball 1-0: SINGLE (Line Drive, 4MD, EV 105.6 MPH)
|
|
Batting: RHB Dave Meier
|
0-0: Ball 1-0: Called Strike 1-1: Foul Ball, location: 2F 1-2: Ball 2-2: Ball 3-2: Base on Balls Andres Galarraga to second
|
|
Batting: LHB Darryl Strawberry
|
0-0: Called Strike 0-1: Ball 1-1: Swinging Strike 1-2: Ground out U3 (Groundball, 3, EV 85.6 MPH)
|
| Bottom of the 4th over - 4 runs, 4 hits, 0 errors, 2 left on base; San Juan 2 - Bridgetown 6 |
| TOP OF THE 5TH |
|
San Juan Pitorros batting - Pitching for Bridgetown Tridents : RHP Brian Slagle
|
|
Batting: RHB Mike A Marshall
|
0-0: Called Strike 0-1: Ball 1-1: Foul Ball, location: 2F 1-2: Strikes out swinging
|
|
Batting: RHB Tim Teufel
|
0-0: Ball 1-0: Ball 2-0: Foul Ball, location: 2F 2-1: Ball 3-1: Base on Balls
|
|
Batting: LHB Franklin Stubbs
|
0-0: Ball 1-0: Called Strike 1-1: Fly out, F8 (Line Drive, 8RM, EV 98.1 MPH)
|
|
Batting: RHB Chris Brown
|
0-0: Ball 1-0: Ground out 1-3 (Groundball, 13, EV 73.8 MPH)
|
| Top of the 5th over - 0 runs, 0 hits, 0 errors, 1 left on base; San Juan 2 - Bridgetown 6 |
| BOTTOM OF THE 5TH |
|
Bridgetown Tridents batting - Pitching for San Juan Pitorros : RHP Mike Trujillo
|
|
Batting: RHB Fritzie Connally
|
0-0: Ball 1-0: Ground out 4-3 (Groundball, 4, EV 101.3 MPH)
|
|
Batting: LHB Paul O'Neill
|
0-0: Ball 1-0: Ball 2-0: Ball 3-0: Base on Balls
|
|
Batting: RHB Jose Canseco
|
0-0: Ball 1-0: Called Strike 1-1: Ball 2-1: Ball 3-1: Fly out, F7 (Flyball, 78D, EV 77.5 MPH)
|
|
Batting: LHB Ray Cosey
|
0-0: Ball Paul O'Neill is caught stealing 2nd base 2-6
|
| Bottom of the 5th over - 0 runs, 0 hits, 0 errors, 0 left on base; San Juan 2 - Bridgetown 6 |
| TOP OF THE 6TH |
|
San Juan Pitorros batting - Pitching for Bridgetown Tridents : RHP Brian Slagle
|
|
Batting: RHB Bob Hendershot
|
0-0: Ground out 6-3 (Groundball, 6MD, EV 111.9 MPH)
|
|
Batting: SHB Dave Cochrane
|
0-0: Called Strike 0-1: Foul Ball, location: 2F 0-2: Fly out, F8 (Flyball, 8LXD, EV 91.3 MPH)
|
|
Batting: SHB Kevin King
|
0-0: Foul Ball, location: 2F 0-1: Ball 1-1: DOUBLE (Line Drive, 89D, EV 105.6 MPH)
|
|
Batting: RHB Rafael Ramirez
|
0-0: Ball 1-0: Fly out, F8 (Flyball, 8RXD, EV 96.9 MPH)
|
| Top of the 6th over - 0 runs, 1 hit, 0 errors, 1 left on base; San Juan 2 - Bridgetown 6 |
| BOTTOM OF THE 6TH |
|
Bridgetown Tridents batting - Pitching for San Juan Pitorros : RHP Mike Trujillo
|
|
Batting: LHB Ray Cosey
|
0-0: Swinging Strike 0-1: Foul Ball, location: 2F 0-2: Foul Ball, location: 2F 0-2: Strikes out swinging
|
|
Batting: SHB Harold Reynolds
|
0-0: Ball 1-0: Swinging Strike 1-1: Ball 2-1: Swinging Strike 2-2: Foul Ball, location: 2F 2-2: Ball 3-2: Fly out, F8 (Line Drive, 8RM, EV 93.8 MPH)
|
|
Batting: RHB Cal Ripken
|
0-0: Ball 1-0: Ground out U3 (Groundball, 34S, EV 76.3 MPH)
|
| Bottom of the 6th over - 0 runs, 0 hits, 0 errors, 0 left on base; San Juan 2 - Bridgetown 6 |
| TOP OF THE 7TH |
|
San Juan Pitorros batting - Pitching for Bridgetown Tridents : RHP Brian Slagle
|
|
Batting: LHB Jeffrey Szczecinski
|
0-0: Ground out 6-3 (Groundball, 6, EV 85.6 MPH)
|
|
Batting: RHB Mike A Marshall
|
0-0: Ball 1-0: Fly out, F4 (Flyball, 4D, EV 70.6 MPH)
|
|
Batting: RHB Tim Teufel
|
0-0: Called Strike 0-1: Ball 1-1: Swinging Strike 1-2: Ball 2-2: Ball 3-2: Strikes out swinging
|
| Top of the 7th over - 0 runs, 0 hits, 0 errors, 0 left on base; San Juan 2 - Bridgetown 6 |
| BOTTOM OF THE 7TH |
|
Bridgetown Tridents batting - Pitching for San Juan Pitorros : RHP Mike Trujillo
|
|
Batting: RHB Andres Galarraga
|
0-0: Swinging Strike 0-1: Fly out, F8 (Flyball, 78D, EV 90.6 MPH)
|
|
Batting: RHB Dave Meier
|
0-0: Called Strike 0-1: Ball 1-1: SINGLE (Groundball, 6MD, EV 100.0 MPH)
|
|
Batting: LHB Darryl Strawberry
|
0-0: Ball 1-0: Ball 2-0: SINGLE (Groundball, 56S, EV 73.8 MPH) (infield hit) Dave Meier to second
|
|
Batting: RHB Fritzie Connally
|
0-0: Foul Ball, location: 2F 0-1: Ball 1-1: Called Strike 1-2: Foul Ball, location: 2F 1-2: Ball 2-2: Ball 3-2: Foul Ball, location: 2F 3-2: Foul Ball, location: 2F 3-2: Base on Balls Dave Meier to third Darryl Strawberry to second
|
|
Batting: LHB Paul O'Neill
|
0-0: Ball 1-0: SINGLE (Flyball, 9LS, EV 93.8 MPH) Dave Meier scores Darryl Strawberry to third Fritzie Connally to second Runner from 3rd tries for Home, SAFE, throw by RF to home
|
|
Batting: RHB Jose Canseco
|
0-0: Fly out, F8 (Flyball, 8RM, EV 80.0 MPH)
|
|
Batting: LHB Ray Cosey
|
0-0: Called Strike 0-1: Ball 1-1: Ball 2-1: Foul Ball, location: 2F 2-2: Fly out, F8 (Flyball, 78M, EV 88.1 MPH)
|
| Bottom of the 7th over - 2 runs, 3 hits, 0 errors, 2 left on base; San Juan 2 - Bridgetown 8 |
| TOP OF THE 8TH |
|
San Juan Pitorros batting - Pitching for Bridgetown Tridents : RHP Brian Slagle
|
|
Batting: LHB Franklin Stubbs
|
0-0: Ball 1-0: Ground out 2-3 (Groundball, 2L, EV 72.5 MPH)
|
|
Batting: RHB Chris Brown
|
0-0: Ball 1-0: Foul Ball, location: 2F 1-1: Swinging Strike 1-2: Foul Ball, location: 2F 1-2: Strikes out swinging
|
|
Batting: RHB Bob Hendershot
|
0-0: Ball 1-0: Called Strike 1-1: Called Strike 1-2: Ball 2-2: Foul Ball, location: 2F 2-2: Ball 3-2: Foul Ball, location: 2F 3-2: Foul Ball, location: 2F 3-2: Strikes out swinging
|
| Top of the 8th over - 0 runs, 0 hits, 0 errors, 0 left on base; San Juan 2 - Bridgetown 8 |
| BOTTOM OF THE 8TH |
|
Bridgetown Tridents batting - Pitching for San Juan Pitorros : RHP Mike Trujillo
|
|
Batting: SHB Harold Reynolds
|
0-0: Ball 1-0: Ball 2-0: Foul Ball, location: 2F 2-1: Foul Ball, location: 2F 2-2: Ball 3-2: Ground out 6-3 (Groundball, 6, EV 98.8 MPH)
|
|
Batting: RHB Cal Ripken
|
0-0: Called Strike 0-1: Ball 1-1: Foul Ball, location: 2F 1-2: Ball 2-2: SINGLE (Popup, 3D, EV 53.8 MPH)
|
|
Pitching: RHP Randy Ramirez
|
|
|
Batting: RHB Andres Galarraga
|
0-0: Foul Ball, location: 2F 0-1: Foul Ball, location: 2F 0-2: Ball 1-2: Ball 2-2: Ball 3-2: Reached on error, E8 (Flyball, 8RS, EV 88.8 MPH) Cal Ripken to second
|
|
Batting: RHB Dave Meier
|
0-0: Ball 1-0: Called Strike 1-1: Ball 2-1: Ball 3-1: Base on Balls Cal Ripken to third Andres Galarraga to second
|
|
Batting: LHB Darryl Strawberry
|
0-0: Ball 1-0: Called Strike 1-1: Ball 2-1: Called Strike 2-2: Ball 3-2: Base on Balls Cal Ripken scores Andres Galarraga to third Dave Meier to second
|
|
Pinch Hitting: RHB Tony Incaviglia
|
0-0: Ball 1-0: Called Strike 1-1: Called Strike 1-2: Foul Ball, location: 2F 1-2: Ball 2-2: Ball 3-2: Base on Balls Andres Galarraga scores Dave Meier to third Darryl Strawberry to second
|
|
Batting: LHB Paul O'Neill
|
0-0: Ball 1-0: Fly out, F8 (Flyball, 8RS, EV 88.1 MPH)
|
|
Batting: RHB Jose Canseco
|
0-0: Foul Ball, location: 2F 0-1: Fly out, F8 (Flyball, 8RXD, EV 97.5 MPH)
|
| Bottom of the 8th over - 2 runs, 1 hit, 1 error, 3 left on base; San Juan 2 - Bridgetown 10 |
| TOP OF THE 9TH |
|
San Juan Pitorros batting - Pitching for Bridgetown Tridents : RHP Brian Slagle
|
|
Now at 1B: Al Pardo
|
|
|
Batting: SHB Dave Cochrane
|
0-0: Called Strike 0-1: Swinging Strike 0-2: Ball 1-2: Fly out, F9 (Flyball, 9D, EV 105.6 MPH)
|
|
Pitching: RHP Mickey Weston
|
|
|
Batting: SHB Kevin King
|
0-0: Ball 1-0: Ball 2-0: Called Strike 2-1: Ground out 4-3 (Groundball, 4, EV 78.1 MPH)
|
|
Batting: RHB Rafael Ramirez
|
0-0: Hit by Pitch
|
|
Batting: LHB Jeffrey Szczecinski
|
0-0: Foul Ball, location: 2F 0-1: Swinging Strike 0-2: Ball Wild Pitch! Rafael Ramirez to second 1-2: Foul Ball, location: 2F 1-2: Ball 2-2: Ground out 1-3 (Groundball, 25, EV 64.4 MPH)
|
| Top of the 9th over - 0 runs, 0 hits, 0 errors, 1 left on base; San Juan 2 - Bridgetown 10 |
|